Map: Lerilak Crest

Players

juhyg

  • Race: Protoss Protoss
  • League: Bronze

choinga - Winner!

  • Race: Protoss Protoss
  • League: Bronze

VOD

Have the link to the VOD?

Description

Time

  • Played on: Nov. 20, 2015, 7:37 p.m.
  • Length: 2:27
Show
View Real Time Build Order
Export as new Build Order

juhyg Protoss 

Build Orders:  

Get SALT Encoding   

  12  0:13  Pylon  
  12  0:20  Assimilator  
  12  0:32  Gateway  
  12  0:35  Probe (Chrono Boost)  
  13  0:57  Pylon  
  13  1:05  Probe (Chrono Boost)  
  14  1:16  Probe (Chrono Boost)  
  15  1:23  Cybernetics Core  
  15  1:26  Probe (Chrono Boost)  
  16  1:47  Zealot  
  18  2:04  Robotics Facility  
  18  2:06  Pylon  
  18  2:10  Forge  
  18  2:16  Pylon  
Show
View Real Time Build Order
Export as new Build Order

choinga Protoss - Winner!

Build Orders: Cannon Rush 

Get SALT Encoding   

  12  0:02  Probe (Chrono Boost)  
  13  0:14  Pylon  
  13  0:18  Probe (Chrono Boost)  
  14  0:29  Probe (Chrono Boost)  
  15  0:39  Probe (Chrono Boost)  
  15  0:42  Forge  
  16  0:55  Probe (Chrono Boost)  
  17  1:06  Probe (Chrono Boost)  
  18  1:16  Pylon, Probe (Chrono Boost)  
  19  1:27  Probe (Chrono Boost)  
  19  1:31  Photon Cannon  
  20  1:37  Probe (Chrono Boost)  
  21  1:47  Photon Cannon  
  21  1:48  Probe (Chrono Boost)  
  21  1:51  Photon Cannon  
  22  2:00  Photon Cannon  
  22  2:07  Pylon  
  22  2:10  Probe (Chrono Boost)  
Tags
 
Add a new tag
Caveats
  • Supply blocks, unpowered buildings, or Contaminate may cause inaccurate times.
  • Supply counts are checked every 10 seconds.